 Dungeon Crawl Stone Soup version 0.29.1-4-g47bece8355 (webtiles) character file.

Game seed: 5936037944832323177

5 hawla the Chiller (level 2, -2/20 HPs)
             Began as a Meteoran Ice Elementalist on Dec 6, 2022.
             Succumbed to an adder's poison
             ... on level 2 of the Dungeon.
             The game lasted 00:00:57 (171 turns).

hawla the Chiller (Meteoran Ice Elementalist)        Turns: 171, Time: 00:00:57

Health: -2/20      AC:  2    Str:  9    XL:     2   Next: 5%
Magic:  5/6        EV:  9    Int: 16    God:
Gold:   9          SH:  0    Dex: 14    Spells: 5/6 levels left

rFire   . . .      SeeInvis .   (no weapon)
rCold   . . .      Faith    .   (no shield)
rNeg    . . .      Spirit   .   a - +0 robe
rPois   .          Reflect  .   (no helmet)
rElec   .          Harm     .   (no cloak)
rCorr   .          Rampage  .   (no gloves)
Will    .....                   (no boots)
Stlth   +.........              (no amulet)
HPRegen 0.06/turn               (no ring)
MPRegen 0.10/turn               (no ring)

@: lethally poisoned (-2 -> -13), glowing, constricted
A: sense surroundings 1, otherworldly, glowing, explore regen
a: no special abilities


You were on level 2 of the Dungeon.
You visited 1 branch of the dungeon, and saw 2 of its levels.

You collected 9 gold pieces.

Inventory:

Armour
 a - a +0 robe (worn)
Potions
 c - a potion of mutation {unknown}


   Skills:
 + Level 2.4 Dodging
 - Level 1.4 Stealth
 + Level 2.8 Spellcasting
 + Level 4.6 Ice Magic


You had 5 spell levels left.
You knew the following spells:

 Your Spells              Type           Power      Damage    Failure   Level
a - Freeze                Ice            68%        1d8       2%          1

Your spell library contained the following spells:

 Spells                   Type           Power      Damage    Failure   Level
 Frozen Ramparts          Ice            34%        1d6       9%          3
 Ozocubu's Armour         Ice            17%        N/A       9%          3
 Hailstorm                Conj/Ice       9%         3d4       58%         4


Dungeon Overview and Level Annotations

Branches:
Dungeon (2/15) Zot: 1028

Altars:


Innate Abilities, Weirdness & Mutations

You passively map a small area around you.
You are easily found by Zot.
You glow in the dark.
You regain HP and MP as you explore.


Message History

Casting: Freeze (safe; 2% risk of failure)
Confirm with . or Enter, or press ? or * to list all spells.
Aiming: Freeze (safe; 2% risk of failure)
Press: ? - help, Shift-Dir - straight line, f/p - adder
Aim: an adder (lightly wounded)
You freeze the adder!
The adder is almost dead.
The adder seems to slow down.
The bat barely misses you. The adder bites you.
You are poisoned.
The adder poisons you! The bat hits you.
You hit the adder.
The adder is almost dead.
You feel sick. The bat hits you but does no damage.
The adder barely misses you.
You closely miss the adder.
The adder is almost dead.
You feel sick. The bat hits you. The adder bites you.
You closely miss the adder.
The adder is almost dead.
You feel sick. The bat hits you but does no damage.
You aren't carrying any scrolls.
Magic courses through your body.
You feel sick. The bat hits you. The ball python bites you.
* * * LOW HITPOINT WARNING * * *
The ball python grabs you. The ball python constricts you.
* * * LOW HITPOINT WARNING * * *
The adder bites you.
* * * LOW HITPOINT WARNING * * *
You are more poisoned.
The adder poisons you! The ball python closely misses you.
The ball python constricts you.
* * * LOW HITPOINT WARNING * * *
Casting: Freeze (safe; 2% risk of failure)
Confirm with . or Enter, or press ? or * to list all spells.
Aiming: Freeze (safe; 2% risk of failure)
Press: ? - help, Shift-Dir - straight line, f/p - adder
Aim: an adder (almost dead, slow)
You freeze the adder.
You kill the adder!
You die...

* * * + * ,
#........#
,*
+........#
*
*#........#
* ,
#.!......#
, ,,#..*
#........#
* ,#..*
#..b.....#
* , , .!,
+..S.....#
, , ..*
#.@......#
* #####.*
#†########
, , .....
#.# * ,
*#..###.#
#......#
#.†##.## *
* * * , #..
#.## , , ,
, #.. #..#
, ** ###
##.# , ,


You could see a bat and a ball python.

Vanquished Creatures
  An adder (D:2)
  A bat (D:2)
  2 endoplasms
  A giant cockroach (D:1)
5 creatures vanquished.

Notes
Turn   | Place    | Note
-------+----------+-------------------------------------------
     0 | D:1      | hawla the Meteoran Ice Elementalist began the quest for the
                  | Orb.
     0 | D:1      | Reached XP level 1. HP: 14/14 MP: 5/5
   158 | D:2      | Reached XP level 2. HP: 20/20 MP: 0/6
   170 | D:2      | HP: 1/20 [constriction (1)]
   171 | D:2      | Succumbed to an adder's poison

Illustrated notes

Levels and vault maps discovered:
D:1:      lightli_arrival_windingriver, layout_basic, minivault_4,
          minmay_lizard_king
D:2:      cheibrodos_greedy_goblins, layout_basic, serial_aquarium,
          aquarium_bridge_square [aquarium_subvault_bridge,
          aquarium_subvault_balcony, aquarium_subvault_bridge,
          aquarium_subvault_wall], aquarium_window_corner, aquarium_window_2,
          aquarium_window_1, aquarium_view_2e

Action                   || total
-------------------------++-------
Melee: Unarmed           ||     4
 Cast: Freeze            ||    12
  Use: Potion            ||     1
Armor: Robe              ||     9
Dodge: Dodged            ||    11
